 Dungeon Crawl Stone Soup version 0.31-a0-542-gdc2a67831c (webtiles) character file.

Game seed: 2026271233818845818

494 Fodor the Covered (level 6, 0/56 HPs)
             Began as a Minotaur Fighter on Aug 14, 2023.
             Was an Initiate of Gozag.
             Killed by divine providence
             ... invoked by an orc priest
              (14 damage)
             ... on level 5 of the Dungeon.
             The game lasted 00:18:00 (3509 turns).

Fodor the Covered (Minotaur Fighter)                Turns: 3509, Time: 00:18:01

Health: 0/56       AC:  7    Str: 22    XL:     6   Next: 92%
Magic:  5/5        EV:  9    Int:  5    God:    Gozag
Gold:   156        SH: 11    Dex: 10    Spells: 5/5 levels left

rFire   . . .        a - +0 long sword
rCold   . . .        f - +2 kite shield
rNeg    . . .        b - +0 scale mail
rPois   .            (helmet restricted)
rElec   .            (no cloak)
rCorr   .            (no gloves)
SInv    .            (no boots)
Will    .....        (no amulet) Stlth
                     (no ring)
HPRegen 0.29/turn    (no ring)
MPRegen 0.09/turn

%: no passive effects
@: gold aura
A: horns 2, retaliatory headbutt
a: Renounce Religion, Potion Petition, Call Merchant, Bribe Branch


You were on level 5 of the Dungeon.
You worshipped Gozag.
Gozag was aware of your devotion.
You visited 2 branches of the dungeon, and saw 6 of its levels.

You collected 283 gold pieces.
You spent 65 gold pieces at shops.
You paid 62 gold pieces to Gozag.

Inventory:

Hand Weapons
 a - a +0 long sword (weapon)
Missiles
 q - 2 throwing nets
Armour
 b - a +0 scale mail (worn)
 f - a +2 kite shield (worn)
Wands
 m - a wand of mindburst (6)
Scrolls
 e - 2 scrolls of blinking
 g - a scroll of butterflies {unknown}
 i - 2 scrolls of teleportation
 l - a scroll of enchant armour {unknown}
 o - a scroll of acquirement {unknown}
 r - 3 scrolls of silence
 t - a scroll of fog {unknown}
 u - a scroll of enchant weapon {unknown}
 w - a scroll of revelation {unknown}
Potions
 c - 2 potions of attraction {unknown}
 d - 2 potions of might
 h - a potion of curing {unknown}
 j - 2 potions of heal wounds {unknown}
 k - 2 potions of resistance {unknown}
 n - a potion of haste {unknown}
 p - a potion of magic {unknown}
 s - a potion of mutation {unknown}
 v - a potion of lignification {unknown}


   Skills:
 + Level 5.0 Fighting
 + Level 5.4 Long Blades
 + Level 5.5 Armour
 + Level 1.2 Dodging
 + Level 0.4 Stealth
 + Level 5.4 Shields
 + Level 0.2 Evocations


You had 5 spell levels left.
You didn't know any spells.
Your spell library contained the following spells:

 Spells                   Type           Power      Damage    Failure   Level
 Shock                    Conj/Air       0%         1d3       96%         1
 Slow                     Hex            0%         N/A       96%         1
 Ensorcelled Hibernation  Hex/Ice        0%         N/A       99%         2
 Passwall                 Tmut/Erth      0%         N/A       99%         2
 Call Canine Familiar     Summ           0%         N/A       100%        3
 Confusing Touch          Hex            0%         N/A       100%        3
 Ignite Poison            Fire/Tmut/Pois 0%         N/A       100%        3
 Portal Projectile        Hex/Tloc       0%         N/A       100%        3
 Swiftness                Air            0%         N/A       100%        3
 Vampiric Draining        Necr           0%         2d6       100%        3
 Airstrike                Air            0%         2d(0-16)  100%        4
 Leda's Liquefaction      Hex/Erth       0%         N/A       100%        4
 Sticky Flame             Conj/Fire      0%         2d3       100%        4
 Ignition                 Fire           0%         3d3       100%        8


Dungeon Overview and Level Annotations

Branches:
Dungeon (5/15)             Temple (1/1) D:4

Altars:
Ashenzari
Cheibriados
Dithmenos
Gozag
Hepliaklqana
Okawaru
Qazlal
Ru
Sif Muna
Trog
Uskayaw
Vehumet
Xom
Yredelemnul
Zin

Shops:
D:1 *   D:4 ?


Innate Abilities, Weirdness & Mutations

You have a pair of horns on your head.
You reflexively headbutt those who attack you in melee.


Message History

You hit the bush but do no damage.
There is a stone staircase leading up here.
A ball python comes into view.
The ball python hisses angrily.
The ball python bites you but does no damage.
The ball python closely misses you.
You hit the ball python.
The ball python is severely wounded.
The ball python barely misses you. The ball python grabs you.
The ball python constricts you.
The ball python bites you but does no damage.
The ball python constricts you.
You hit the ball python.
You kill the ball python!
You now have 156 gold pieces (gained 8).
There is a stone staircase leading down here.
You climb downwards.
Found a grey potion.
There is a stone staircase leading up here.
A quokka, an orc priest and an orc come into view.
The orc shouts!
The orc priest mumbles some strange prayers to Beogh against you.
Beogh smites you! You block the quokka's attack.
You hear a shout!
You barely miss the quokka. You block the quokka's attack.
You closely miss the quokka. The quokka closely misses you.
The orc priest invokes the aid of Beogh against you.
Beogh smites you! The quokka barely misses you. You furiously retaliate!
You headbutt the quokka. You hit the quokka.
You kill the quokka!
An orc comes into view. It is wielding a +0 hand axe.
The orc priest calls down the wrath of Beogh upon you.
Beogh smites you!
* * * LOW HITPOINT WARNING * * *
The orc attacks as you move away! You block the orc's attack.
The orc priest invokes the aid of Beogh against you.
Beogh smites you!
You die...
Your body crumbles into a pile of gold.

##..#
#....#
.#..o.
...!
......
....
...... #
...
..o.#.
..# ...#
#.#
#.#####
#.#
#.o@..#
#<#
#.$###.#
#.# #..#
#.# #.#
#..# #.#
#.# ...#
#.#####.#
##.##
#.......#
#.
#########
..


You could see an orc priest and an orc.

Vanquished Creatures
  2 black bears (D:4)
  An ogre (D:4)
  Blork the orc (D:4)
  2 hounds (D:4)
  3 adders (D:4)
  2 worms
  A dart slug (D:2)
  2 orcs
  6 endoplasms
  3 giant cockroaches
  8 goblins
  5 hobgoblins
  2 jackals (D:2)
  5 kobolds
  2 quokkas
  10 ball pythons
  5 bats
  A frilled lizard (D:3)
  7 rats
68 creatures vanquished.

Notes
Turn   | Place    | Note
-------+----------+-------------------------------------------
     0 | D:1      | Fodor the Minotaur Fighter began the quest for the Orb.
     0 | D:1      | Reached XP level 1. HP: 19/19 MP: 0/0
    79 | D:1      | Found Fojawk's General Store.
   125 | D:1      | Reached XP level 2. HP: 27/27 MP: 1/1
   994 | D:2      | Reached XP level 3. HP: 33/33 MP: 2/2
  2474 | D:4      | Noticed Blork the orc
  2480 | D:4      | Killed Blork the orc
  2481 | D:4      | Reached XP level 4. HP: 19/40 MP: 3/3
  2485 | D:4      | Noticed a black bear
  2504 | D:4      | Killed a black bear
  2505 | D:4      | Reached XP level 5. HP: 16/47 MP: 4/4
  2520 | D:4      | Noticed a black bear
  2624 | D:4      | Killed a black bear
  2625 | D:4      | Reached skill level 5 in Armour
  2625 | D:4      | Reached skill level 5 in Shields
  2625 | D:4      | Reached XP level 6. HP: 43/53 MP: 5/5
  2749 | D:4      | Found a staircase to the Ecumenical Temple.
  2790 | Temple   | Entered the Ecumenical Temple
  2797 | Temple   | Became a worshipper of Gozag Ym Sagoz the Greedy
  2952 | D:4      | Reached skill level 5 in Long Blades
  2982 | D:4      | Found Ochozxiu's Magic Scroll Shoppe.
  2994 | D:4      | Bought a scroll of identify for 26 gold pieces
  2994 | D:4      | Bought a scroll of identify for 26 gold pieces
  2996 | D:4      | Bought a scroll of noise for 13 gold pieces
  3055 | D:4      | Reached skill level 1 in Dodging
  3182 | D:4      | Found a basalt altar of Yredelemnul.
  3239 | D:4      | Reached skill level 5 in Fighting
  3357 | D:4      | Found a bloodstained altar of Trog.
  3484 | D:5      | Entered Level 5 of the Dungeon
  3509 | D:5      | Killed from afar by an orc priest

Illustrated notes

Levels and vault maps discovered:
D:1:      onia_arrival_handbag, layout_basic, serial_shops,
          nicolae_shop_tiny_glass, chequers_mini_garden
D:2:      layout_basic, chequers_avenue
D:3:      layout_loops_ring
D:4:      layout_loops_ring, overflow_temple_1_default, trog_ov_bears_minmay,
          minmay_temple_entry_tees, serial_shops, nicolae_lakefront_shop,
          minmay_cut_off, uniq_blork_the_orc
D:5:      nicolae_cairo_tiling_large_dashed, layout_loops_ring
Temple:   cyrus_circular_temple

Skill      XL: |  1  2  3  4  5  6 |
---------------+-------------------+-----
Armour         | 4 5 |  5.5
Shields        | 4 5 |  5.4
Long Blades    | 3 4 5 |  5.4
Fighting       | 4 5 |  5.0
Dodging        | 1 |  1.2
Stealth        | |  0.4
Evocations     | |  0.2

Action                     |  1- 3 |  4- 6 || total
---------------------------+-------+-------++-------
  Melee: Long sword        |    93 |    74 ||   167
         Headbutt          |     8 |     8 ||    16
  Evoke: Wand              |     2 |       ||     2
    Use: Scroll            |       |     3 ||     3
 Armour: Scale mail        |    42 |    43 ||    85
  Dodge: Dodged            |    39 |    28 ||    67
  Block: Kite shield       |    55 |    50 ||   105
         Buckler           |     1 |       ||     1

Table legend: (Time is in decaauts)
 A = Elapsed time spent in this place.
 B = Non-inter-level travel time spent in this place.
 C = Inter-level travel time spent in this place.
 D = Time resting spent in this place.
 E = Time spent auto-exploring this place.
 F = Levels seen in this place.
 G = Mean time per level.
                   A        B        C        D        E       F      G
               +--------+--------+--------+--------+--------+-----+--------+
         Total |   3566 |   3358 |    208 |    172 |      0 |   6 |  594.3 |
       Dungeon |   3551 |   3343 |    208 |    172 |      0 |   5 |  710.2 |
        Temple |     14 |     14 |      0 |      0 |      0 |   1 |   14.0 |
               +--------+--------+--------+--------+--------+-----+--------+

Top non-repeatable levels by time:
     D:4: 971 daAuts
     D:3: 920 daAuts
     D:2: 821 daAuts
     D:1: 812 daAuts
     D:5: 25 daAuts
  Temple: 14 daAuts
